cohdb
Replays
Latest Replays
All Replays
Popular Replays
Top Player Replays
Match Explorer
How It Works
Community
CoH3 Stats
Reddit
Sign in to upload your games and track your stats! →
Sign in with Steam
Match 40326099
Unlisted
Match 40326099
Overview
Messages
Build Orders
End
Royal Engineer Section
Construct Section Command Post
Selects Canadian Shock Battlegroup
Infantry Section
Infantry Section
Infantry Section
Grenade Package
Selects Attacking Spirit
Construct Field Infirmary
YDM
『BlackBear』
0
0
Comments
sign in to comment!
No comments posted yet!